 Dungeon Crawl Stone Soup version 0.27-a0-836-gfc908b8576 (webtiles) character file.

Game seed: 9480549998631877164

2 MonzzCrawl the Magician (level 1, -2/13 HPs)
             Began as a Demonspawn Hedge Wizard on Apr 1, 2021.
             Slain by an endoplasm (3 damage)
             ... on level 1 of the Dungeon.
             The game lasted 00:00:15 (47 turns).

MonzzCrawl the Magician (Demonspawn Hedge Wizard)     Turns: 47, Time: 00:00:16

Health: -2/13      AC:  2    Str: 10    XL:     1   Next: 25%
Magic:  4/4        EV: 12    Int: 15    God:
Gold:   0          SH:  0    Dex: 12    Spells: 5/6 levels left

rFire    . . .     SeeInvis .   a - +0 dagger
rCold    . . .     Faith    .   (no shield)
rNeg     . . .     Spirit   .   b - +0 robe
rPois    .         Reflect  .   c - +0 hat
rElec    .         Harm     .   (no cloak)
rCorr    .         Rampage  .   (no gloves)
Will     .....                  (no boots)
Stlth    ++........             (no amulet)
HPRegen  0.04/turn              (no ring)
MPRegen  0.09/turn              (no ring)

@: no status effects
A: no striking features
a: no special abilities


You were on level 1 of the Dungeon.
You visited 1 branch of the dungeon, and saw 1 of its levels.

Inventory:

Hand Weapons
 a - a +0 dagger (weapon)
Armour
 b - a +0 robe (worn)
 c - a +0 hat (worn)


   Skills:
 + Level 1.7 Dodging
 + Level 1.7 Stealth
 + Level 3.1 Spellcasting
 + Level 1.0 Conjurations
 + Level 1.0 Summonings
 + Level 0.8 Translocations


You had 5 spell levels left.
You knew the following spells:

 Your Spells              Type           Power      Damage    Failure   Level
a - Magic Dart            Conj           20%        1d4       13%         1

Your spell library contained the following spells:

 Spells                   Type           Power      Damage    Failure   Level
 Call Imp                 Summ           5%         N/A       21%         2
 Blink                    Tloc           N/A        N/A       22%         2
 Slow                     Hex            2%         N/A       30%         2
 Conjure Flame            Conj/Fire      3%         6-21      43%         3
 Mephitic Cloud           Conj/Pois/Air  3%         N/A       45%         3


Dungeon Overview and Level Annotations

Branches:
Dungeon (1/15)

Altars:


Message History

You kill the bat!
No target in view!
A goblin comes into view. It is wielding a +1 dagger of flaming.
The goblin shouts!
You hit the goblin.
The goblin is severely wounded.
The goblin hits you with a +1 dagger of flaming.
The goblin burns you.
You hit the goblin but do no damage.
The goblin is severely wounded.
An endoplasm comes into view.
The goblin hits you with a +1 dagger of flaming.
The goblin burns you.
The endoplasm quivers.
You hit the goblin.
You kill the goblin!
Things that are here:
a +1 dagger of flaming; a goblin corpse The endoplasm hits you.
You hit the endoplasm but do no damage. The endoplasm freezes you.
You are frozen.
You are too injured to fight recklessly!
You are too injured to fight recklessly!
You are too injured to fight recklessly!
You are too injured to fight recklessly!
You hit the endoplasm but do no damage. The endoplasm hits you.
* * * LOW HITPOINT WARNING * * *
You hit the endoplasm but do no damage. The endoplasm freezes you.
You are frozen.
* * * LOW HITPOINT WARNING * * *
You hit the endoplasm.
The endoplasm is moderately wounded.
The endoplasm hits you.
* * * LOW HITPOINT WARNING * * *
You hit the endoplasm.
The endoplasm is severely wounded.
The endoplasm hits you.
You die...

#. .###.....# #. .
......... ##. ..
........ #.. .. ......
### #.. #. #..#######.#
#.. #.. #........#.# #..
###...###........#.# #..
......J@.).........###..
........................
....####................
... #................ .
..................
####...............
#...............
#..............#
............#


You could see an endoplasm.

Vanquished Creatures
  A goblin (D:1)
  A bat (D:1)
2 creatures vanquished.

Notes
Turn   | Place    | Note
-------+----------+-------------------------------------------
     0 | D:1      | MonzzCrawl the Demonspawn Hedge Wizard began the quest for
                  | the Orb.
     0 | D:1      | Reached XP level 1. HP: 13/13 MP: 4/4
    47 | D:1      | Slain by an endoplasm

Illustrated notes

Levels and vault maps discovered:
D:1:      wheals_arrival_shading, layout_basic, kennysheep_boxes

Action                   || total
-------------------------++-------
Melee: Dagger            ||    10
Dodge: Dodged            ||     2

Table legend: (Time is in decaauts)
 A = Elapsed time spent in this place.
 B = Non-inter-level travel time spent in this place.
 C = Inter-level travel time spent in this place.
 D = Time resting spent in this place.
 E = Time spent auto-exploring this place.
 F = Levels seen in this place.
 G = Mean time per level.
                   A        B        C        D        E       F      G
               +--------+--------+--------+--------+--------+-----+--------+
         Total |     47 |     47 |      0 |      0 |     27 |   1 |   47.0 |
       Dungeon |     47 |     47 |      0 |      0 |     27 |   1 |   47.0 |
               +--------+--------+--------+--------+--------+-----+--------+

Top non-repeatable levels by time:
     D:1: 47 daAuts
